 Dungeon Crawl Stone Soup version 0.29-a0-541-gaf1fc19f1b (webtiles) character file.

Game seed: 9030720244709705571

22138 Bruhh the Summoner (level 12, -5/145 HPs)
             Began as a Barachi Summoner on June 2, 2022.
             Was a High Priest of Sif Muna.
             Slain by a cane toad (13 damage)
             ... on level 6 of the Lair of Beasts.
             The game lasted 00:35:07 (18019 turns).

Bruhh the Summoner (Barachi Summoner)              Turns: 18019, Time: 00:35:08

Health: -5/145     AC: 26    Str:  6 (9)  XL:     12   Next: 97%
Magic:  12/25      EV:  2    Int: 25 (28) God:    Sif Muna [*****.]
Gold:   749        SH:  0    Dex: 11 (12) Spells: 7/29 levels left

rFire   . . .      SeeInvis +   I - +1 dagger (venom)
rCold   . . .      Faith    +   (no shield)
rNeg    . . .      Spirit   .   (body armour currently unavailable)
rPois   +          Reflect  .   (helmet currently unavailable)
rElec   .          Harm     .   (cloak currently unavailable)
rCorr   .          Rampage  .   (gloves currently unavailable)
Will    .....      NoTele   +   (boots currently unavailable)
Stlth   ++........              d - amulet of faith
HPRegen 0.34/turn               C - +6 ring of intelligence
MPRegen 0.19/turn               P - ring of wizardry

@: brilliant, tree-form (expiring), marked, forested, attractive
A: stationary, stasis, torment immunity, boosted hp, (amphibious), (slowness 1),
(strong legs 1), +LOS, see invisible
a: Renounce Religion, Channel Magic, Forget Spell, Divine Exegesis


You were on level 6 of the Lair of Beasts.
You worshipped Sif Muna.
Sif Muna was extremely pleased with you.
You were a tree.
You visited 3 branches of the dungeon, and saw 15 of its levels.

You collected 749 gold pieces.

Inventory:

Hand Weapons
 E - a +0 flail of protection
 I - a +1 dagger of venom (weapon)
Missiles
 O - 2 throwing nets
Armour
 f - a +0 pair of boots (melded)
 n - a +0 kite shield
 H - a +0 cloak (melded)
 K - a +0 hat (melded)
 L - +0 steam dragon scales (melded)
 U - a +2 pair of gloves (melded)
Jewellery
 d - an amulet of faith (around neck)
 C - a +6 ring of intelligence (left branch)
 M - a ring of protection from cold
 P - a ring of wizardry (right branch)
 Q - a ring of protection from fire
Wands
 w - a wand of acid (5)
 x - a wand of iceblast (7)
 B - a wand of digging (5)
 F - a wand of mindburst (19)
 N - a wand of flame (17)
Scrolls
 a - 2 scrolls of identify
 l - 2 scrolls of enchant weapon
 o - 4 scrolls of magic mapping
 p - a scroll of teleportation
 r - a scroll of fog
 y - 3 scrolls of enchant armour
 A - 3 scrolls of amnesia
Potions
 b - 4 potions of magic
 e - 2 potions of brilliance
 j - 4 potions of curing
 v - 4 potions of mutation
 z - 2 potions of might
 D - a potion of lignification
 J - 2 potions of attraction
 T - a potion of degeneration


   Skills:
 - Level 10.0 Fighting
 - Level 11.0 Armour
 - Level 2.1 Dodging
 - Level 1.7 Stealth
 + Level 8.6 Shields
 - Level 9.0 Spellcasting
 + Level 13.2 Summonings
 - Level 3.0 Translocations
 - Level 8.0 Evocations


You had 7 spell levels left.
You knew the following spells:

 Your Spells              Type           Power      Damage    Failure   Level
a - Summon Small Mammal   Summ           100%       N/A       1%          1
b - Call Imp              Summ           86%        N/A       1%          2
c - Call Canine Familiar  Summ           86%        N/A       1%          3
d - Summon Forest         Summ/Tloc      33%        N/A       2%          5
e - Summon Lightning Spi  Summ/Air       61%        N/A       1%          4
f - Summon Hydra          Summ           43%        N/A       9%          7

Your spell library contained the following spells:

 Spells                   Type           Power      Damage    Failure   Level
 Gell's Gravitas          Tloc           39%        N/A       1%          3
 Summon Guardian Golem    Hex/Summ       61%        N/A       1%          3
 Teleport Other           Tloc           39%        N/A       1%          3
 Magic Dart               Conj           64%        1d6       2%          1
 Sandblast                Erth           32%        2d9       2%          1
 Sublimation of Blood     Necr           16%        N/A       3%          2
 Wereblood                Tmut           16%        N/A       3%          2
 Portal Projectile        Hex/Tloc       56%        N/A       3%          3
 Mephitic Cloud           Conj/Pois/Air  16%        N/A       6%          3
 Passage of Golubria      Tloc           39%        N/A       6%          4
 Leda's Liquefaction      Hex/Erth       8%         N/A       21%         4
 Dispersal                Tloc           19%        N/A       65%         6
 Shatter                  Erth           8%         3d10*     100%        9


Dungeon Overview and Level Annotations

Branches:
Dungeon (8/15)             Temple (1/1) D:4            Lair (6/6) D:8
  Swamp (0/4) Lair:3       Spider (0/4) Lair:4
  Slime: Lair:5-6

Altars:
Ashenzari
Cheibriados
Dithmenos
Elyvilon
Fedhas
Gozag
Hepliaklqana
Kikubaaqudgha
Makhleb
Nemelex Xobeh
Okawaru
Qazlal
Ru
Sif Muna
Trog
Uskayaw
Vehumet
Wu Jian
Xom
Yredelemnul
Zin
The Shining One

Shops:
D:2 (!*=   D:8 *

Annotations:
Lair:4 1 exclusion
Lair:6 Urug


Innate Abilities, Weirdness & Mutations

You are a tree.
Your roots penetrate the ground, keeping you stationary.
You cannot be teleported.
You are immune to unholy pain and torment.
Your maximum health is greatly increased.
Your equipment is partially melded.
((You are amphibious.))
((You cover ground slowly.))
((You can hop short distances.))
You have an extended range of vision and can be seen from far away.
You have supernaturally acute eyesight. (SInv)


Message History

The cane toad stings your eight-headed hydra.
The cane toad stings you.
* * * LOW HITPOINT WARNING * * *
The vampire mosquito bites you but does no damage.
The blink frog hits you!
* * * LOW HITPOINT WARNING * * *
The blink frog blinks!
The vampire mosquito bites you.
* * * LOW HITPOINT WARNING * * *
The vampire mosquito draws strength from your injuries!
The six-headed hydra bites your dryad. The six-headed hydra bites your dryad!
The six-headed hydra closely misses your dryad. x2
The six-headed hydra barely misses your dryad.
The six-headed hydra closely misses your dryad.
The tyrant leech barely misses you.
The lindwurm bites you but does no damage.
The lindwurm claws you.
* * * LOW HITPOINT WARNING * * *
The lindwurm claws you.
* * * LOW HITPOINT WARNING * * *
Your dryad hits the six-headed hydra!
The cane toad barely misses your eight-headed hydra.
Your eight-headed hydra bites the cane toad!
The cane toad dies!
Sif Muna accepts your kill.
Sif Muna will now gift you books as you gain piety.
The blink frog is attracted toward you.
Unknown command.
Okay, then.
Okay, then.
Okay, then.
Okay, then.
You feel better. Tree limbs sway around you. The vampire mosquito bites you.
* * * LOW HITPOINT WARNING * * *
The vampire mosquito draws strength from your injuries!
The blink frog blinks!
The blink frog hits you but does no damage.
The cane toad stings you!
You die...

.P.......§..§.§F≈##
≈P
#.....§.......§.≈#
≈≈
♣♣.♣.........F..≈#
≈≈
#♣........§..F.♣###
.≈
#...F...§.§§F...§.
..
PP.....yFFFF....§§
..
PP....hDYYwF§..≈≈.
..
......RFywFw§...≈..
..
......§F♣§yX..≈≈≈...
....§§.§ykF..♣≈P≈...
##♣...♣D♣§.♣♣♣.##.
♣♣. ♣#..#♣ # # #..♣
#.♣. #P.. .....
#.#..


You could see 2 death yaks, a six-headed hydra (ally target), 2 tyrant leeches,
a lindwurm, a polar bear, 2 cane toads, 2 blink frogs, 4 vampire mosquitoes, a
bullfrog (fleeing), a friendly eight-headed hydra (summoned) and a friendly
dryad (summoned).

Vanquished Creatures
  A hydra (Lair:4)
  A death yak (D:8)
  A torpor snail (Lair:5)
  2 black mambas
  A cane toad (Lair:4)
  A rime drake (Lair:4)
  2 nameless horrors (Lair:5)
  2 komodo dragons
  A polar bear (Lair:5)
  2 yaks (Lair:3)
  2 wolves (Lair:4)
  4 bullfrogs
  A hound (D:5)
  An iguana (D:5)
  An orc wizard (D:7)
  A hell rat (D:8)
  A white imp (D:5)
  An ufetubus (D:5)
  2 dart slugs
  4 orcs
  An endoplasm (D:3)
  4 goblins
  3 hobgoblins
  A jackal (D:1)
  2 quokkas (D:4)
  7 ball pythons
  6 bats
  A frilled lizard (D:1)
  2 kobolds
  4 rats
  A spectral orc (D:3)
64 creatures vanquished.

Vanquished Creatures (collateral kills)
  4 death yaks
  Nergalle (Lair:3)
  A lindwurm (Lair:5)
  A wolf spider (Lair:4)
  3 black mambas
  7 cane toads
  8 komodo dragons
  2 polar bears
  6 blink frogs
  A culicivora (Lair:4)
  3 wyverns
  22 yaks
  3 basilisks
  3 steam dragons
  A vampire mosquito (Lair:6)
  Edmund (D:5)
  A swamp worm (Lair:3)
  7 water moccasins
  An orc warrior (D:8)
  A nameless horror (D:7)
  A sky beast (D:7)
  A black bear (D:5)
  An ogre (D:5)
  A wolf (Lair:4)
  3 centaurs
  A kobold brigand (D:8)
  8 bullfrogs
  A necrophage (D:6)
  A scorpion (D:5)
  A gnoll sergeant (D:8)
  2 jellies
  7 orc priests
  4 iguanas
  2 orc wizards
  5 hell rats (Lair:5)
  3 gnolls (D:8)
  6 adders
  A river rat (D:8)
  A shadow imp (D:8)
  A white imp (D:6)
  2 ufetubi
  16 orcs
  3 bats
  6 endoplasms
  2 giant cockroaches (D:1)
  3 goblins
  3 hobgoblins (D:1)
  A jackal (D:1)
  13 kobolds
  3 quokkas
  6 ball pythons
  3 rats
189 creatures vanquished.

Vanquished Creatures (others)
  An electric eel (Lair:6)
  A bush (Lair:2)
  39 fungi
  48 plants
  8 snaplasher vines
97 creatures vanquished.

Grand Total: 350 creatures vanquished

Notes
Turn   | Place    | Note
-------+----------+-------------------------------------------
     0 | D:1      | Bruhh the Barachi Summoner began the quest for the Orb.
     0 | D:1      | Reached XP level 1. HP: 13/13 MP: 3/3
   200 | D:1      | Reached skill level 5 in Summonings
   232 | D:1      | Reached XP level 2. HP: 4/19 MP: 1/5
   832 | D:1      | Found a faded altar of an unknown god.
  1019 | D:1      | Reached XP level 3. HP: 1/24 MP: 5/7
  1553 | D:1      | Learned a level 2 spell: Call Imp
  2024 | D:2      | Found Unnezeyvi's General Store.
  2164 | D:2      | Found Hued's Distillery.
  2165 | D:2      | Found Koov's Weapon Shoppe.
  2270 | D:2      | Reached XP level 4. HP: 30/30 MP: 6/10
  2587 | D:2      | Identified the +1 robe of Gololoic {+Inv}
  2612 | D:2      | Found Murghuk's Jewellery Shop.
  3066 | D:3      | Learned a level 3 spell: Call Canine Familiar
  3399 | D:3      | Reached XP level 5. HP: 35/35 MP: 6/12
  3673 | D:3      | Found a basalt altar of Yredelemnul.
  3976 | D:4      | Found a stormy altar of Qazlal.
  4123 | D:4      | Found an iron altar of Okawaru.
  4175 | D:4      | Found a staircase to the Ecumenical Temple.
  4244 | Temple   | Entered the Ecumenical Temple
  4529 | Temple   | Became a worshipper of Sif Muna the Loreminder
  4806 | D:4      | Reached skill level 5 in Spellcasting
  5013 | D:5      | Entered Level 5 of the Dungeon
  5048 | D:5      | Reached skill level 6 in Summonings
  5242 | D:5      | Reached XP level 6. HP: 41/41 MP: 6/13
  5313 | D:5      | Reached skill level 7 in Summonings
  5489 | D:5      | Noticed a black bear
  5498 | D:5      | Killed a black bear
  5672 | D:5      | Noticed a yak
  5673 | D:5      | Reached skill level 8 in Summonings
  5691 | D:5      | Noticed a yak
  5692 | D:5      | Noticed a yak
  5699 | D:5      | Noticed a yak
  5715 | D:4      | Killed a yak
  5716 | D:4      | Reached XP level 7. HP: 39/51 MP: 0/15
  5888 | D:5      | Found a hide-covered altar of Uskayaw.
  6152 | D:5      | Identified the +3 leather armour of Ucvip Orid {Harm}
  6253 | D:5      | Noticed Edmund
  6309 | D:5      | Killed Edmund
  7235 | D:6      | Reached XP level 8. HP: 60/60 MP: 10/17
  7343 | D:6      | Got Ysu Pizug's Almanac of the Rocks and Translocation
  7534 | D:7      | Reached * piety under Sif Muna
  7535 | D:7      | Reached skill level 5 in Fighting
  7622 | D:7      | Noticed a wyvern
  7626 | D:7      | Killed a wyvern
  7627 | D:7      | Reached skill level 1 in Translocations
  7875 | D:7      | Learned a level 5 spell: Summon Forest
  7887 | D:7      | Noticed a nameless horror
  7891 | D:7      | Killed a nameless horror
  8048 | D:7      | Reached skill level 9 in Summonings
  8048 | D:7      | Reached XP level 9. HP: 33/68 MP: 13/20
  8607 | D:8      | Learned a level 4 spell: Summon Lightning Spire
  8674 | D:8      | Reached ** piety under Sif Muna
  8986 | D:8      | Reached skill level 10 in Summonings
  9060 | D:8      | Noticed a death yak
  9060 | D:8      | Noticed a death yak
  9067 | D:8      | Noticed a death yak
  9075 | D:8      | Killed a death yak
  9076 | D:8      | Killed a death yak
  9077 | D:8      | Reached skill level 12 in Summonings
  9077 | D:8      | Reached XP level 10. HP: 36/75 MP: 11/23
  9079 | D:8      | Killed a death yak
  9287 | D:8      | Found a staircase to the Lair.
  9650 | D:8      | Found Ritia's Neck Hole.
  9808 | Lair:1   | Entered Level 1 of the Lair of Beasts
  9912 | Lair:1   | Noticed a cane toad
  9922 | Lair:1   | Killed a cane toad
 10091 | Lair:1   | Reached skill level 10 in Fighting
 10123 | Lair:1   | Noticed a cane toad
 10130 | Lair:1   | Killed a cane toad
 10131 | Lair:1   | Reached skill level 1 in Evocations
 10284 | Lair:1   | Noticed a black mamba
 10288 | Lair:1   | Killed a black mamba
 10654 | Lair:2   | Noticed a cane toad
 10663 | Lair:2   | Killed a cane toad
 10664 | Lair:2   | Reached skill level 5 in Armour
 10664 | Lair:2   | Reached XP level 11. HP: 61/90 MP: 16/24
 10820 | Lair:2   | Reached *** piety under Sif Muna
 10899 | Lair:2   | Reached skill level 5 in Evocations
 11928 | Lair:3   | Noticed Nergalle
 11944 | Lair:3   | Killed Nergalle
 13527 | Lair:3   | Gained mutation: You have supernaturally acute eyesight.
                  | (SInv) [potion of mutation]
 13915 | Lair:3   | Reached skill level 1 in Shields
 14331 | Lair:3   | Found a staircase to the Swamp.
 14823 | Lair:4   | Reached XP level 12. HP: 97/97 MP: 17/25
 14896 | Lair:4   | You fall into a shaft and drop 2 floors!
 14896 | Lair:6   | Entered Level 6 of the Lair of Beasts
 14906 | Lair:6   | Reached **** piety under Sif Muna
 15175 | Lair:4   | Noticed a seven-headed hydra
 15180 | Lair:4   | Reached skill level 10 in Armour
 15180 | Lair:4   | Reached skill level 5 in Shields
 15181 | Lair:4   | Killed a seven-headed hydra
 15609 | Lair:4   | Found a hole to the Spider Nest.
 16138 | Lair:5   | Learned a level 7 spell: Summon Hydra
 17053 | Lair:5   | Identified the +8 chain mail "Ceneix" {rF- rC++ Int+6}
 17534 | Lair:5   | Noticed a death yak
 17535 | Lair:5   | Noticed a death yak
 17553 | Lair:5   | Killed a death yak
 17561 | Lair:5   | Killed a death yak
 17991 | Lair:6   | Reached skill level 13 in Summonings
 17995 | Lair:6   | Noticed a death yak
 17995 | Lair:6   | Noticed a death yak
 17995 | Lair:6   | Noticed a death yak
 17995 | Lair:6   | Noticed a death yak
 18000 | Lair:6   | Noticed Urug
 18002 | Lair:6   | HP: 2/97 [cane toad (14)]
 18002 | Lair:6   | Noticed a six-headed hydra
 18014 | Lair:6   | Noticed a death yak
 18015 | Lair:6   | Noticed a death yak
 18018 | Lair:6   | HP: 6/145 [vampire mosquito (2)]
 18018 | Lair:6   | Reached ***** piety under Sif Muna
 18019 | Lair:6   | Slain by a cane toad

Illustrated notes

Levels and vault maps discovered:
D:1:      scummos_arrival_simple_crosswalls, layout_basic,
          ebering_ecumenical_altar_mist, minmay_pentomino_p2
D:2:      layout_loops_corners, serial_shops, nicolae_square_shop, shop,
          nicolae_diamond_shop, nicolae_shop_trees, chequers_serial_rivers_marsh
D:3:      layout_basic, yredelemnul_forgotten_temple_becter,
          hangedman_decor_points, minmay_misc_feat_roman, grunt_ministairs_6
D:4:      layout_basic, old_standard_altar, grunt_qazlal_sundering,
          minmay_temple_entry_tees, serial_forest, infiniplex_forest_clump_long,
          infiniplex_forest_lined_2, infiniplex_forest_clump_small,
          infiniplex_forest_lined_room_2, st_stairs_5
D:5:      layout_layer_cave, lemuel_crystal_altar, uniq_edmund
D:6:      layout_cave_pools, nicolae_water_bricks
D:7:      layout_rooms
D:8:      layout_cave_pools, dpeg_lair_monsters,
          nicolae_shop_sticking_my_neck_out
Temple:   dpeg_five_rooms_temple
Lair:1:   layout_misc_corridors, lemuel_fruit_tree
Lair:2:   layout_loops_ring
Lair:3:   layout_chaotic_city, nicolae_swamp_entry_splash_gauntlet,
          infiniplex_staircase_pool_2, uniq_nergalle
Lair:4:   layout_long_grid, spider_nest_entry_funnel_web
Lair:5:   layout_cave_shapes, beast_lair_carwin_5
Lair:6:   minmay_lair_end_frog_pond, layout_regular_city, slime_altar_1,
          uniq_urug

Skill      XL: |  1  2  3  4  5  6  7  8  9 10 11 12 |
---------------+-------------------------------------+-----
Summonings     | 5 6 8 9 12 13 | 13.2
Spellcasting   | 3 4 5 6 7 9 |  9.0
Fighting       | 2 4 5 10 | 10.0
Translocations | 3 |  3.0
Armour         | 5 9 11 | 11.0
Evocations     | 4 8 |  8.0
Shields        | 3 8 |  8.6
Dodging        | |  2.1
Stealth        | |  1.7

Action                   |  1- 3 |  4- 6 |  7- 9 | 10-12 || total
-------------------------+-------+-------+-------+-------++-------
Melee: Short sword       |    15 |       |       |       ||    15
       Unarmed           |     4 |       |       |       ||     4
       Spear             |    37 |       |       |       ||    37
       Mace              |    33 |    69 |    14 |       ||   116
       Punch             |     1 |       |       |     1 ||     2
       Flail             |       |       |    11 |       ||    11
       Dagger            |       |       |    26 |   165 ||   191
 Cast: Summon Small Mamm |    41 |    43 |    25 |     3 ||   112
       Call Imp          |     4 |     9 |     9 |     2 ||    24
       Call Canine Famil |       |    12 |    21 |    16 ||    49
       Summon Forest     |       |       |     4 |    29 ||    33
       Summon Lightning  |       |       |     3 |    16 ||    19
       Summon Hydra      |       |       |       |    12 ||    12
 Abil: Hop               |     1 |     1 |     1 |     6 ||     9
Evoke: Wand              |       |       |     1 |    10 ||    11
  Use: Scroll            |       |     5 |       |    18 ||    23
       Potion            |       |       |       |    16 ||    16
 Stab: Sleeping          |     2 |     1 |       |       ||     3
       Distracted        |       |     1 |       |       ||     1
Armor: Robe              |    39 |    45 |    14 |       ||    98
       Steam dragon scal |       |       |     5 |    76 ||    81
       Skin              |       |       |       |    56 ||    56
Dodge: Dodged            |    84 |    85 |    57 |   140 ||   366
Block: Kite shield       |       |       |       |    26 ||    26

Table legend: (Time is in decaauts)
 A = Elapsed time spent in this place.
 B = Non-inter-level travel time spent in this place.
 C = Inter-level travel time spent in this place.
 D = Time resting spent in this place.
 E = Time spent auto-exploring this place.
 F = Levels seen in this place.
 G = Mean time per level.
                   A        B        C        D        E       F      G
               +--------+--------+--------+--------+--------+-----+--------+
         Total |  19797 |  19136 |    661 |   1142 |  15138 |  15 | 1319.8 |
       Dungeon |  10507 |  10140 |    367 |     86 |   8466 |   8 | 1313.4 |
        Temple |    408 |    311 |     97 |      0 |    295 |   1 |  408.0 |
          Lair |   8881 |   8685 |    196 |   1056 |   6376 |   6 | 1480.2 |
               +--------+--------+--------+--------+--------+-----+--------+

Top non-repeatable levels by time:
  Lair:3: 2349 daAuts
  Lair:5: 2163 daAuts
     D:5: 2081 daAuts
     D:1: 2047 daAuts
  Lair:2: 1860 daAuts
  Lair:4: 1459 daAuts
     D:8: 1315 daAuts
     D:2: 1265 daAuts
     D:7: 1182 daAuts
     D:3: 1054 daAuts
     D:4: 987 daAuts
  Lair:1: 910 daAuts
     D:6: 573 daAuts
  Temple: 408 daAuts
  Lair:6: 138 daAuts
